 Dungeon Crawl Stone Soup version 0.26-a0-610-g3e9335b (webtiles) character file.

Game seed: 10034183837560848298

678 B1Gdaddy5 the Poker (level 7, -11/60 HPs)
             Began as a Gnoll Berserker on Sept 3, 2020.
             Was a Priest of Trog.
             Killed by divine providence
             ... invoked by an orc priest
              (15 damage)
             ... on level 5 of the Dungeon.
             The game lasted 00:21:42 (3551 turns).

B1Gdaddy5 the Poker (Gnoll Berserker)               Turns: 3551, Time: 00:21:47

Health: -11/60     AC: 12    Str: 21    XL:     7   Next: 60%
Magic:  10/10      EV: 14    Int: 10    God:    Trog [***...]
Gold:   173        SH:  0    Dex: 20    Spells: 11/11 levels left

rFire    . . .     SeeInvis .   m - +0 spear
rCold    . . .     Faith    .   (no shield)
rNeg     . . .     Spirit   .   n - +0 scale mail
rPois    .         Reflect  .   t - +0 helmet
rElec    .         Harm     .   i - +0 cloak
rCorr    +                      l - +0 pair of gloves
MR       .....                  g - +0 pair of boots
Stlth    +.........             (no amulet)
HPRegen  0.20/turn              o - +6 ring of dexterity
MPRegen  0.12/turn              a - ring of resist corrosion

@: lethally poisoned (-11 -> -14), berserk cooldown, slowed, very slow
A: distributed training, fangs 1, strong nose
a: Berserk, Trog's Hand, Renounce Religion


You were on level 5 of the Dungeon.
You worshipped Trog.
Trog was most pleased with you.
You visited 1 branch of the dungeon, and saw 5 of its levels.

You collected 173 gold pieces.

Inventory:

Hand Weapons
 m - a +0 spear (weapon)
Armour
 g - a +0 pair of boots (worn)
 i - a +0 cloak (worn)
 l - a +0 pair of gloves (worn)
 n - a +0 scale mail (worn)
 t - a +0 helmet (worn)
Jewellery
 a - a ring of resist corrosion (right hand)
 o - a +6 ring of dexterity (left hand)
Wands
 b - a wand of paralysis (6)
Scrolls
 c - a scroll of fear {unknown}
 e - 2 scrolls of identify
 h - a scroll of random uselessness {unknown}
 j - a scroll of remove curse {unknown}
 k - a scroll of enchant weapon {unknown}
 q - a scroll of magic mapping {unknown}
 r - a scroll of teleportation {unknown}
 u - a scroll of blinking {unknown}
 w - a scroll of noise {unknown}
Potions
 d - 2 potions of degeneration
 f - 3 potions of curing
 p - a potion of flight
 s - 2 potions of might
 v - a potion of mutation {unknown}
 x - a potion of heal wounds
 z - a potion of magic {unknown}
 A - a potion of brilliance {unknown}


   Skills:
 + Level 7.1 Fighting
 + Level 2.6 Short Blades
 + Level 2.6 Long Blades
 + Level 2.6 Axes
 + Level 2.6 Maces & Flails
 + Level 7.1 Polearms
 + Level 2.6 Staves
 + Level 2.6 Slings
 + Level 2.6 Bows
 + Level 2.6 Crossbows
 + Level 2.6 Throwing
 + Level 5.3 Armour
 + Level 5.3 Dodging
 + Level 2.6 Stealth
 + Level 2.6 Shields
 + Level 2.6 Unarmed Combat
 + Level 2.6 Spellcasting
 + Level 2.1 Conjurations
 + Level 2.1 Hexes
 + Level 2.1 Summonings
 + Level 2.1 Necromancy
 + Level 2.1 Translocations
 + Level 2.1 Transmutations
 + Level 2.1 Fire Magic
 + Level 2.1 Ice Magic
 + Level 2.1 Air Magic
 + Level 2.1 Earth Magic
 + Level 2.1 Poison Magic
 + Level 2.9 Invocations
 + Level 2.6 Evocations


You had 11 spell levels left.
You didn't know any spells.
Your spell library was empty.

Dungeon Overview and Level Annotations

Branches:
Dungeon (5/15)
 Temple: D:4-7

Altars:
Dithmenos
Gozag
Makhleb
Wu Jian


Innate Abilities, Weirdness & Mutations

Your experience applies equally to all skills.
You have very sharp teeth.
Your uncanny sense of smell can sniff out nearby items.


Message History

You feel sick.
The orc wizard gestures wildly while chanting.
The orc wizard blinks!
The orc priest calls down the wrath of Beogh upon you.
Beogh smites you!
* * * LOW HITPOINT WARNING * * *
* * * LOW HITPOINT WARNING * * *
You feel sick.
The orc priest looks satisfied for a moment.
The orc priest calls upon Beogh to heal something.
* * * LOW HITPOINT WARNING * * *
You feel sick.
The orc priest looks braver for a moment.
* * * LOW HITPOINT WARNING * * *
You feel sick.
The orc wizard points at you and mumbles some strange words.
You feel as though you will be slow longer.
The orc priest mumbles some strange prayers to Beogh against you.
Beogh smites you!
You die...

# #.##.#....##.#
## #.##.........#
.## ##.####.....#.
..####..# #.....#
#..#...## #.....#
.....### #.....#
.#.........#.....#
.##..#####.#####.#
. #..# #@########
. ...#
#.#####)##.....#
##...#
#......oo#.....#
#....
............_..##
∆ ##...
#######.........#
. #..#......# #
#.....##..#
..........## #
[###.#####!###...#


You could see an orc priest and an orc wizard.

Vanquished Creatures
  Eustachio (D:5)
  A phantom (D:5)
  A scorpion (D:4)
  A bullfrog zombie (D:5)
  A bullfrog skeleton (D:5)
  Ijyb (D:3)
  Terence (D:2)
  Natasha (twice) (D:2)
  3 worker ants
  Robin (D:3)
  9 adders
  3 worms
  2 dart slugs
  A leopard gecko (D:1)
  4 orcs
  A ball python (D:3)
  5 giant cockroaches
  10 goblins
  10 hobgoblins
  5 jackals
  A quokka (D:3)
  7 bats
  5 frilled lizards
  5 kobolds
  A leopard gecko zombie (D:5)
  7 rats
89 creatures vanquished.

Notes
Turn   | Place    | Note
-------+----------+-------------------------------------------
     0 | D:1      | B1Gdaddy5 the Gnoll Berserker began the quest for the Orb.
     0 | D:1      | Reached XP level 1. HP: 23/23 MP: 1/1
   543 | D:1      | Reached XP level 2. HP: 29/29 MP: 2/2
   942 | D:2      | Noticed Terence
   953 | D:2      | Killed Terence
   953 | D:2      | Reached skill level 1 in Invocations
   953 | D:2      | Reached XP level 3. HP: 35/35 MP: 2/4
  1164 | D:2      | Reached skill level 1 in Short Blades
  1164 | D:2      | Reached skill level 1 in Long Blades
  1164 | D:2      | Reached skill level 1 in Axes
  1164 | D:2      | Reached skill level 1 in Maces & Flails
  1164 | D:2      | Reached skill level 1 in Staves
  1164 | D:2      | Reached skill level 1 in Slings
  1164 | D:2      | Reached skill level 1 in Bows
  1164 | D:2      | Reached skill level 1 in Crossbows
  1164 | D:2      | Reached skill level 1 in Throwing
  1164 | D:2      | Reached skill level 1 in Stealth
  1164 | D:2      | Reached skill level 1 in Shields
  1164 | D:2      | Reached skill level 1 in Unarmed Combat
  1164 | D:2      | Reached skill level 1 in Spellcasting
  1164 | D:2      | Reached skill level 1 in Evocations
  1188 | D:2      | Reached XP level 4. HP: 41/41 MP: 5/5
  1314 | D:2      | Reached ** piety under Trog
  1550 | D:2      | Found a faded altar of an unknown god.
  1610 | D:2      | Reached skill level 1 in Conjurations
  1610 | D:2      | Reached skill level 1 in Hexes
  1610 | D:2      | Reached skill level 1 in Summonings
  1610 | D:2      | Reached skill level 1 in Necromancy
  1610 | D:2      | Reached skill level 1 in Translocations
  1610 | D:2      | Reached skill level 1 in Transmutations
  1610 | D:2      | Reached skill level 1 in Fire Magic
  1610 | D:2      | Reached skill level 1 in Ice Magic
  1610 | D:2      | Reached skill level 1 in Air Magic
  1610 | D:2      | Reached skill level 1 in Earth Magic
  1610 | D:2      | Reached skill level 1 in Poison Magic
  1686 | D:2      | Noticed Natasha
  1693 | D:2      | Killed Natasha
  1693 | D:2      | Reached XP level 5. HP: 47/47 MP: 5/7
  1858 | D:2      | Noticed Natasha
  1867 | D:2      | Killed Natasha
  1954 | D:3      | Noticed Ijyb
  1959 | D:3      | Paralysed by Ijyb for 4 turns
  1968 | D:3      | Paralysed by Ijyb for 2 turns
  1975 | D:3      | Killed Ijyb
  1998 | D:3      | Found an opulent altar of Gozag.
  2221 | D:3      | Noticed Robin
  2247 | D:3      | Killed Robin
  2360 | D:3      | Reached XP level 6. HP: 53/53 MP: 8/8
  2842 | D:4      | Found an ornate altar of the Wu Jian Council.
  2888 | D:4      | Reached skill level 5 in Armour
  2888 | D:4      | Reached skill level 5 in Dodging
  2901 | D:4      | Reached *** piety under Trog
  2909 | D:4      | Found a shadowy altar of Dithmenos.
  3234 | D:5      | Entered Level 5 of the Dungeon
  3371 | D:5      | Noticed a phantom
  3401 | D:5      | Reached XP level 7. HP: 58/59 MP: 10/10
  3483 | D:5      | Found a burning altar of Makhleb.
  3500 | D:5      | Noticed Eustachio
  3529 | D:5      | Killed Eustachio
  3551 | D:5      | Killed from afar by an orc priest

Illustrated notes

Levels and vault maps discovered:
D:1:      dpeg_arrival_more_subterranean_lakeside_camping, layout_basic,
          minmay_misc_feat_tiny, minmay_pentomino_q4
D:2:      layout_basic, chequers_ecumenical_altar_twisty, uniq_natasha,
          uniq_terence
D:3:      layout_loops_ring, lemuel_round_altar, uniq_ijyb, uniq_robin
D:4:      layout_basic, tso_metal_star, lemuel_round_altar,
          nicolae_overflow_crystal_walls, serial_shops, nicolae_shop_waterfront
D:5:      layout_rooms, basic_altar, uniq_eustachio, uniq_menkaure

Skill      XL: |  1  2  3  4  5  6  7 |
---------------+----------------------+-----
Invocations    | 1 2 |  2.9
Short Blades   | 1 2 |  2.6
Long Blades    | 1 2 |  2.6
Axes           | 1 2 |  2.6
Maces & Flails | 1 2 |  2.6
Staves         | 1 2 |  2.6
Slings         | 1 2 |  2.6
Bows           | 1 2 |  2.6
Crossbows      | 1 2 |  2.6
Throwing       | 1 2 |  2.6
Stealth        | 1 2 |  2.6
Shields        | 1 2 |  2.6
Unarmed Combat | 1 2 |  2.6
Spellcasting   | 1 2 |  2.6
Evocations     | 1 2 |  2.6
Conjurations   | 1 2 |  2.1
Hexes          | 1 2 |  2.1
Summonings     | 1 2 |  2.1
Necromancy     | 1 2 |  2.1
Translocations | 1 2 |  2.1
Transmutations | 1 2 |  2.1
Fire Magic     | 1 2 |  2.1
Ice Magic      | 1 2 |  2.1
Air Magic      | 1 2 |  2.1
Earth Magic    | 1 2 |  2.1
Poison Magic   | 1 2 |  2.1
Armour         | 5 |  5.3
Dodging        | 5 |  5.3
Fighting       | 7 |  7.1
Polearms       | 7 |  7.1

Action                   |  1- 3 |  4- 6 |  7- 9 || total
-------------------------+-------+-------+-------++-------
Melee: Spear             |    74 |   239 |    45 ||   358
       Bite              |    11 |    38 |     7 ||    56
       Punch             |       |     6 |     1 ||     7
Invok: Berserk           |     1 |     7 |     1 ||     9
       Trog's Hand       |       |     1 |       ||     1
  Use: Scroll            |       |     4 |       ||     4
 Stab: Sleeping          |     1 |       |       ||     1
Armor: Animal skin       |    14 |     6 |       ||    20
       Scale mail        |       |    71 |     9 ||    80
Dodge: Dodged            |    33 |   110 |    18 ||   161

Table legend: (Time is in decaauts)
 A = Elapsed time spent in this place.
 B = Non-inter-level travel time spent in this place.
 C = Inter-level travel time spent in this place.
 D = Time resting spent in this place.
 E = Time spent auto-exploring this place.
 F = Levels seen in this place.
 G = Mean time per level.
                   A        B        C        D        E       F      G
               +--------+--------+--------+--------+--------+-----+--------+
         Total |   3534 |   3358 |    176 |    250 |   1886 |   5 |  706.8 |
       Dungeon |   3534 |   3358 |    176 |    250 |   1886 |   5 |  706.8 |
               +--------+--------+--------+--------+--------+-----+--------+

Top non-repeatable levels by time:
     D:2: 1104 daAuts
     D:3: 869 daAuts
     D:1: 806 daAuts
     D:4: 457 daAuts
     D:5: 296 daAuts
